 Dungeon Crawl Stone Soup version 0.31-a0-75-g6fe912e8c5 (webtiles) character file.

Game seed: 17776081586311887776

1775 lunkers the Slicer (level 9, -1/58 (62) HPs)
             Began as a Meteoran Wanderer on May 23, 2023.
             Was an Elder of Kikubaaqudgha.
             Slain by a wight
             ... wielding a +0 scimitar
              (3 damage)
             ... on level 6 of the Dungeon.
             The game lasted 00:09:50 (2953 turns).

lunkers the Slicer (Meteoran Wanderer)              Turns: 2953, Time: 00:09:51

HP:   -1/58 (62)    AC:  4    Str: 14    XL:     9   Next: 53%
MP:   19/19         EV: 15    Int: 19    God:    Kikubaaqudgha [****..]
Gold: 188           SH:  4    Dex: 13    Spells: 14/21 levels left

rFire   . . .        a - +0 short sword (distort)
rCold   . . .        b - +0 buckler
rNeg    . . .        d - +0 robe
rPois   .            (no helmet)
rElec   .            (no cloak)
rCorr   .            (no gloves)
SInv    .            p - +1 pair of boots
Will    +....        (no amulet)
Stlth   +            h - +5 ring of evasion
HPRegen 0.29/turn    l - ring of wizardry
MPRegen 0.16/turn

%: wizardry (x1)
@: glowing, drained
A: sense surroundings 2, otherworldly, glowing, explore regen
a: Renounce Religion, Unearth Wretches


You were on level 6 of the Dungeon.
You worshipped Kikubaaqudgha.
Kikubaaqudgha was greatly pleased with you.
You visited 1 branch of the dungeon, and saw 7 of its levels.
You also visited: Ossuary.

You collected 188 gold pieces.

Inventory:

Hand Weapons
 a - a +0 short sword of distortion (weapon)
 e - the +9 long sword of Darkness {heavy, +Blink Dex-3 SInv}
   (You found it on level 4 of the Dungeon)

   Dex:       It affects your dexterity (-3).
   SInv:      It lets you see invisible.
   +Blink:    It lets you blink.
 i - the +1 dagger of Capital Punishment {venom, rC+ Stlth+}
   (You found it on level 4 of the Dungeon)

   rC:        It protects you from cold.
   Stlth:     It makes you more stealthy.
Armour
 b - a +0 buckler (worn)
 d - a +0 robe (worn)
 p - a +1 pair of boots (worn)
Jewellery
 h - a +5 ring of evasion (left hand)
 l - a ring of wizardry (right hand)
Wands
 q - a wand of roots (26)
Scrolls
 f - a scroll of summoning
 t - a scroll of enchant armour
Potions
 c - a potion of mutation
 g - 2 potions of enlightenment
 j - 4 potions of curing
 k - 3 potions of cancellation
 m - 2 potions of heal wounds
 n - a potion of resistance
 o - a potion of invisibility
 r - a potion of haste {unknown}
 s - a potion of ambrosia {unknown}


   Skills:
 + Level 9.3(9.6) Short Blades
 - Level 3.9(7.6) Long Blades
 - Level 1.2 Armour
 - Level 1.0 Stealth
 - Level 1.2 Shields
 - Level 6.6 Spellcasting
 * Level 7.3 Necromancy


You had 14 spell levels left.
You knew the following spells:

 Your Spells              Type           Power      Damage    Failure   Level
b - Necrotise             Necr           100%       1d9       1%          1
c - Cigotuvi's Dreadful   Necr/Pois/Air  22%        N/A       5%          2
d - Vampiric Draining     Necr           34%        2d8       1%          3
p - Sting                 Tmut/Pois      12%        1d3       9%          1

Your spell library contained the following spells:

 Spells                   Type           Power      Damage    Failure   Level
 Kiss of Death            Conj/Necr      68%        2d10      1%          1
 Dispel Undead            Necr           34%        3d15      2%          4
 Freeze                   Ice            24%        1d4       6%          1
 Scorch                   Fire           12%        2d5       9%          2
 Agony                    Necr           34%        N/A       9%          5
 Poisonous Vapours        Pois/Air       6%         N/A       12%         2
 Frozen Ramparts          Ice            12%        1d2       17%         3
 Anguish                  Hex/Necr       8%         N/A       17%         4
 Hailstorm                Conj/Ice       3%         3d3       24%         3
 Inner Flame              Hex/Fire       3%         N/A       24%         3
 Borgnjor's Vile Clutch   Necr/Erth      8%         N/A       43%         5
 Yara's Violent Unravell  Hex/Tmut       1%         3d3       89%         5
 Enfeeble                 Hex            3%         N/A       100%        7


Dungeon Overview and Level Annotations

Branches:
Dungeon (7/15) Zot: 1565   Temple (0/1) D:5         Ossuary (visited)

Altars:
Dithmenos
Kikubaaqudgha
Trog

Shops:
D:6 [

Annotations:
D:5 1 runed translucent door
Abyss:1 Grinder


Innate Abilities, Weirdness & Mutations

You passively map the area around you.
You are easily found by Zot.
You glow in the dark.
You regain HP and MP as you explore.


Message History

You hit the orc.
Space warps around the orc.
You kill the orc!
Kikubaaqudgha accepts your kill. You block the wight's attack.
Things that are here:
a +0 mace; an orc corpse You closely miss the wight.
The wight hits you with a +0 short sword.
You feel drained. The wight attacks as you move away!
The wight hits you with a +0 short sword.
You feel drained.
There is a stone staircase leading up here.
You hit the wight.
Space warps around the wight.
The wight is moderately damaged.
You hit the wight.
Space warps around the wight.
The wight is severely damaged.
The wight misses you.
You closely miss the wight.
The wight is severely damaged.
You closely miss the wight.
The wight is severely damaged.
The wight hits you with a +1 battleaxe!
* * * LOW HITPOINT WARNING * * *
You feel drained.
* * * LOW HITPOINT WARNING * * *
Unknown command.
The wight closely misses you. The wight hits you but does no damage.
The wight hits you with a +0 scimitar!
* * * LOW HITPOINT WARNING * * *
You climb upwards.
There is a stone staircase leading down here.
Unknown command.
You closely miss the wight.
The wight is severely damaged.
The wight hits you with a +1 battleaxe!!
* * * LOW HITPOINT WARNING * * *
The wight hits you with a +0 scimitar.
You die...
Kikubaaqudgha rasps: "You have failed me!
Welcome... death!"

.....## ############## ##..#
.....# ##.##..##...####...## #
....## ##.####.......#...#..###
....######..# #...........##..##
........##.## ##....#.....####..
...........######..####......##.#
..................## #.#.......#
.#....#####.....zz## #..#.....##
.#..######......@..# #..##....#
...............z...## ##.##....##
....................###..........
.......####..###........######...
##...### #...####.###..# #...#
##.....####..## ### #### ##....
###........### #.....
###....#..## #..... ##...######
#.....


You could see 3 wights.

Vanquished Creatures
  The ghost of horus123 the Grasshopper, an amateur HuFE (D:5)
  3 black bears
  2 ice beasts (D:5)
  2 ogres
  A phantom (D:5)
  A scorpion (D:5)
  A centaur zombie (Ossuary)
  A hound (D:6)
  An orc priest (D:5)
  An iguana (D:6)
  An orc wizard (D:6)
  2 mummies (Ossuary)
  5 adders
  A shadow imp (D:5)
  2 white imps (D:6)
  An ufetubus (D:4)
  2 adder zombies (Ossuary)
  3 dart slugs (D:2)
  10 orcs
  6 endoplasms
  4 giant cockroaches
  8 goblins
  7 hobgoblins
  3 jackals (D:3)
  3 quokkas
  6 ball pythons
  6 bats
  4 frilled lizards
  2 goblin zombies (Ossuary)
  5 hobgoblin zombies (Ossuary)
  2 jackal zombies (Ossuary)
  7 kobolds
  10 kobold zombies (Ossuary)
  8 orc zombies (Ossuary)
  6 rats
128 creatures vanquished.

Vanquished Creatures (collateral kills)
  An endoplasm (D:4)
1 creature vanquished.

Grand Total: 129 creatures vanquished

Notes
Turn   | Place    | Note
-------+----------+-------------------------------------------
     0 | D:1      | lunkers the Meteoran Wanderer began the quest for the Orb.
     0 | D:1      | lunkers set off with the following items: a +0 falchion, a
                  | +0 buckler, a potion of mutation, a +0 robe; and the
                  | following spell memorised: Sting; and the following spells
                  | available to memorise: Scorch, Poisonous Vapours, Inner
                  | Flame.
     0 | D:1      | Reached XP level 1. HP: 14/14 MP: 9/9
   131 | D:1      | Reached XP level 2. HP: 11/20 MP: 10/10
   146 | D:1      | Found a faded altar of an unknown god.
   196 | D:1      | Prayed at the altar of an unknown god.
   196 | D:1      | Became a worshipper of Kikubaaqudgha
   196 | D:1      | Reached * piety under Kikubaaqudgha
   196 | D:1      | Received a gift from Kikubaaqudgha
   260 | D:1      | HP: 1/20 [frozen (1)]
   263 | D:1      | Reached XP level 3. HP: 1/26 MP: 12/12
   462 | D:1      | Glimpsed the power of Zot.
   668 | D:2      | Learned a level 1 spell: Necrotise
   693 | D:2      | Reached XP level 4. HP: 26/33 MP: 13/13
   707 | D:2      | Reached ** piety under Kikubaaqudgha
   804 | D:2      | Reached skill level 1 in Short Blades
   908 | D:3      | Found a shadowy altar of Dithmenos.
   928 | D:3      | Reached skill level 2 in Short Blades
  1139 | D:4      | Learned a level 2 spell: Cigotuvi's Dreadful Rot
  1143 | D:4      | Learned a level 3 spell: Vampiric Draining
  1167 | D:4      | Reached skill level 3 in Short Blades
  1167 | D:4      | Reached XP level 5. HP: 23/38 MP: 15/15
  1190 | D:4      | Noticed Grinder
  1192 | D:4      | Paralysed by Grinder for 3 turns
  1202 | D:4      | Banished Grinder
  1203 | D:4      | Reached skill level 5 in Short Blades
  1203 | D:4      | Reached XP level 6. HP: 45/45 MP: 16/16
  1220 | D:4      | Reached XP level 7. HP: 50/50 MP: 17/17
  1293 | D:4      | Identified the +9 long sword of Darkness {heavy, +Blink
                  | Dex-3 SInv}
  1380 | D:4      | Reached skill level 6 in Short Blades
  1408 | D:4      | Identified the +1 dagger of Capital Punishment {venom, rC+
                  | Stlth+}
  1507 | D:5      | Entered Level 5 of the Dungeon
  1566 | D:5      | Reached skill level 7 in Short Blades
  1578 | D:5      | Reached XP level 8. HP: 35/57 MP: 18/18
  1624 | D:5      | Reached skill level 1 in Necromancy
  1686 | D:5      | Found a bloodstained altar of Trog.
  1900 | D:5      | Reached skill level 8 in Short Blades
  1950 | D:5      | Found a staircase to the Ecumenical Temple.
  1997 | D:5      | Found a runed translucent door.
  1998 | D:5      | Noticed horus123's ghost (amateur HuFE)
  2006 | D:5      | Killed horus123's ghost
  2007 | D:5      | Reached skill level 5 in Necromancy
  2007 | D:5      | Gained mutation: You passively map the area around you.
                  | [Meteoran growth]
  2007 | D:5      | Reached XP level 9. HP: 62/62 MP: 19/19
  2013 | D:5      | Reached *** piety under Kikubaaqudgha
  2013 | D:5      | Received a gift from Kikubaaqudgha
  2022 | D:5      | Found a runed translucent door.
  2082 | D:5      | Found a sand-covered staircase.
  2089 | Ossuary  | Entered an ossuary
  2558 | D:6      | Found Udejewev's Antique Armour Emporium.
  2573 | D:6      | Reached **** piety under Kikubaaqudgha
  2725 | D:6      | Reached skill level 9 in Short Blades
  2953 | D:6      | HP: 2/58 [wight/+1 battleaxe (20)]
  2953 | D:6      | Slain by a wight

Illustrated notes

Levels and vault maps discovered:
D:1:      onia_arrival_pyramid, layout_rooms, serial_shops, shop, serial_bayou,
          serial_bayou_crossing, serial_bayou_ford_a, serial_bayou_lagoon_a,
          serial_bayou_shore_a, ebering_ecumenical_altar_box
D:2:      layout_loops_cross, patterned_corridor, uniq_crazy_yiuf_cottage
D:3:      layout_loops_ring, grunt_dithmenos_smoke_and_mirrors,
          grunt_ministairs_14
D:4:      layout_basic, minmay_ruptured, uniq_ijyb, uniq_menkaure, uniq_grinder
D:5:      nicolae_cairo_tiling_large, layout_basic, mainiacjoe_overflow_catwalk,
          minmay_temple_entry_glassed_door, ebering_ghost_sewer_f,
          chequers_ossuary_entry_cave
D:6:      layout_layer_cave, serial_shops, shop, nicolae_shop_tiny_waterfront,
          st_stairs_4
D:7:      layout_cave_pools, amethyst_overflow_temple_binary,
          kennysheep_windowed_goal

Skill      XL: |  1  2  3  4  5  6  7  8  9 |
---------------+----------------------------+-----
Long Blades    | 2 3 |  3.9
Short Blades   | 3 5 7 8 9 |  9.3
Necromancy     | 5 7 |  7.3
Armour         | |  1.2
Stealth        | |  1.0
Shields        | |  1.2
Spellcasting   | |  6.6

Action                     |  1- 3 |  4- 6 |  7- 9 || total
---------------------------+-------+-------+-------++-------
  Melee: Falchion          |   109 |       |       ||   109
         Short sword       |     2 |    59 |   300 ||   361
   Cast: Sting             |     5 |       |       ||     5
    Use: Scroll            |       |     7 |     7 ||    14
 Armour: Robe              |    20 |    12 |    36 ||    68
  Dodge: Dodged            |    62 |    38 |   108 ||   208
  Block: Buckler           |    23 |    12 |    29 ||    64

Table legend: (Time is in decaauts)
 A = Elapsed time spent in this place.
 B = Non-inter-level travel time spent in this place.
 C = Inter-level travel time spent in this place.
 D = Time resting spent in this place.
 E = Time spent auto-exploring this place.
 F = Levels seen in this place.
 G = Mean time per level.
                   A        B        C        D        E       F      G
               +--------+--------+--------+--------+--------+-----+--------+
         Total |   2886 |   2787 |     99 |      0 |   1641 |   8 |  360.8 |
       Dungeon |   2633 |   2534 |     99 |      0 |   1598 |   7 |  376.1 |
       Ossuary |    252 |    252 |      0 |      0 |     43 |   1 |  252.0 |
               +--------+--------+--------+--------+--------+-----+--------+

Top non-repeatable levels by time:
     D:5: 616 daAuts
     D:1: 532 daAuts
     D:6: 461 daAuts
     D:4: 374 daAuts
     D:2: 330 daAuts
     D:3: 305 daAuts
 Ossuary: 252 daAuts
     D:7: 14 daAuts
